 Dungeon Crawl Stone Soup version 0.26-a0-257-g47e9e61525 (webtiles) character file.

Game seed: 7608118493244791378

72 BritishOli the Skirmisher (level 4, -1/35 HPs)
             Began as a Demonspawn Fighter on July 10, 2020.
             Slain by a goblin
             ... wielding a +0 dagger
             ... led by Robin
              (4 damage)
             ... on level 2 of the Dungeon.
             The game lasted 00:01:28 (1824 turns).

BritishOli the Skirmisher (Demonspawn Fighter)      Turns: 1824, Time: 00:01:29

Health: -1/35      AC:  6    Str: 18    XL:     4   Next: 7%
Magic:  4/4        EV:  7    Int:  9    God:
Gold:   33         SH:  9    Dex: 12    Spells: 3/3 levels left

rFire    + . .     SeeInvis .   a - +0 long sword
rCold    . . .     Faith    .   c - +0 kite shield
rNeg     . . .     Spirit   .   b - +0 scale mail
rPois    .         Reflect  .   (helmet restricted)
rElec    .         Harm     .   (no cloak)
rCorr    .                      (no gloves)
MR       .....                  (no boots)
Stlth    ..........             n - amulet of the acrobat
HPRegen  0.11/turn              o - ring of fire
MPRegen  0.09/turn              (no ring)

@: no status effects
A: antennae 1, hooves 1, cold resistance 1
a: no special abilities


You were on level 2 of the Dungeon.
You were not hungry.

You visited 1 branch of the dungeon, and saw 2 of its levels.

You collected 33 gold pieces.

Inventory:

Hand Weapons
 a - a +0 long sword (weapon)
Armour
 b - a +0 scale mail (worn)
 c - a +0 kite shield (worn)
Jewellery
 n - an amulet of the acrobat (around neck)
 o - a ring of fire (left hand)
Scrolls
 e - a scroll of enchant weapon {unknown}
 g - 2 scrolls of teleportation {unknown}
 h - 3 scrolls of identify {unknown}
 j - 2 scrolls of immolation {unknown}
 m - a scroll of remove curse {unknown}
 p - a scroll of fear {unknown}
 q - a scroll of noise {unknown}
Potions
 d - 2 potions of might
 i - a potion of heal wounds {unknown}
 k - a potion of flight {unknown}
 l - a potion of curing {unknown}
 r - a potion of stabbing {unknown}
Comestibles
 f - 5 rations


   Skills:
 + Level 3.4 Fighting
 * Level 2.8 Long Blades
 + Level 3.1 Armour
 + Level 3.1 Shields


You had 3 spell levels left.
You didn't know any spells.
Your spell library was empty.

Dungeon Overview and Level Annotations

Branches:
Dungeon (2/15)

Altars:

Annotations:
D:2 Robin


Innate Abilities, Weirdness & Mutations

You have a pair of small antennae on your head.
You have large cloven feet.
Your flesh is cold resistant. (rC+)


Message History

The goblin goes into a battle-frenzy!
Things that are here:
a +0 club x2; a goblin corpse Unknown command.
You closely miss the hobgoblin. You kick the hobgoblin.
The hobgoblin is moderately wounded.
The goblin no longer looks unusually strong.
The hobgoblin hits you but does no damage.
Robin barely misses you. The goblin hits you but does no damage.
You block the goblin's attack. The hobgoblin hits you with a +0 club.
* * * LOW HITPOINT WARNING * * *
You hit the hobgoblin.
You kill the hobgoblin!
Robin roars a battlecry!
The goblin goes into a battle-frenzy!
You block the goblin's attack. x2
Robin hits you from afar with a +0 spear.
* * * LOW HITPOINT WARNING * * *
The goblin hits you but does no damage. The goblin hits you with a +0 dagger.
You die...

......................##+#
..........................
......†.................>.
..............###.........
........######## ......
........#......# ......
...............# ......
.........gg†...##. ......
.........@).......
#.........).......
#....####.g....... #....
##........ #.... #........
.. #........ #........
##.......


You could see Robin and 2 goblins.

Vanquished Creatures
  An adder (D:2)
  2 worms (D:2)
  A dart slug (D:1)
  3 bats
  3 giant cockroaches
  11 goblins
  5 hobgoblins
  6 jackals
  9 kobolds
  A quokka (D:2)
  4 frilled lizards
  3 rats (D:1)
49 creatures vanquished.

Notes
Turn   | Place    | Note
-------+----------+-------------------------------------------
     0 | D:1      | BritishOli the Demonspawn Fighter began the quest for the
                  | Orb.
     0 | D:1      | Reached XP level 1. HP: 18/18 MP: 1/1
   217 | D:1      | Gained mutation: You have large cloven feet. [demonic
                  | ancestry]
   217 | D:1      | Reached XP level 2. HP: 19/24 MP: 2/2
  1044 | D:2      | Gained mutation: Your flesh is cold resistant. (rC+)
                  | [demonic ancestry]
  1044 | D:2      | Reached XP level 3. HP: 27/29 MP: 3/3
  1810 | D:2      | Noticed Robin
  1819 | D:2      | Gained mutation: You have a pair of small antennae on your
                  | head. [demonic ancestry]
  1819 | D:2      | Reached XP level 4. HP: 19/35 MP: 4/4
  1824 | D:2      | Slain by a goblin

Illustrated notes

Levels and vault maps discovered:
D:1:      minmay_arrival_checkered_box, layout_basic,
          wad_floor_pattern_untrapped
D:2:      layout_basic, uniq_robin

Skill      XL: |  1  2 |
---------------+-------+-----
Long Blades    | 2 |  2.8
Armour         | 3 |  3.1
Shields        | 3 |  3.1
Fighting       | |  3.4

Action                   |  1- 3 |  4- 6 || total
-------------------------+-------+-------++-------
Melee: Long sword        |   154 |     4 ||   158
       Kick              |    24 |     2 ||    26
  Eat: Ration            |     1 |       ||     1
Armor: Scale mail        |    87 |     6 ||    93
Dodge: Dodged            |    62 |     5 ||    67
Block: Kite shield       |    94 |     6 ||   100
       Rpst.: Long sword |    18 |     3 ||    21

Table legend:
 A = Non-vault XP
 B = Vault XP
 C = Vault XP percentage of total XP
 D = Non-vault monster count
 E = Vault monster count
 F = Vault count percentage of total count
                 A         B        C        D         E       F
            +---------+---------+-------+---------+---------+-------
      Total |      87 |      17 |  16.3 |      40 |       9 |  18.4
            +---------+---------+-------+---------+---------+-------
        D:1 |      39 |       0 |   0.0 |      23 |       0 |   0.0
        D:2 |      48 |      17 |  26.2 |      17 |       9 |  34.6
            +---------+---------+-------+---------+---------+-------
